 Dungeon Crawl Stone Soup version 0.28.0 (webtiles) character file.

Game seed: 3107113260227465647

1278 raph the Arsonist (level 8, -2/68 HPs)
             Began as a Hill Orc Fire Elementalist on Feb 16, 2022.
             Was an Initiate of Beogh.
             Slain by a black bear (7 damage)
             ... on level 5 of the Dungeon.
             The game lasted 00:09:57 (8306 turns).

raph the Arsonist (Hill Orc Fire Elementalist)      Turns: 8306, Time: 00:09:58

Health: -2/68      AC:  4    Str: 14    XL:     8   Next: 54%
Magic:  7/13       EV: 12    Int: 17    God:    Beogh [......]
Gold:   243        SH:  0    Dex: 11    Spells: 5/14 levels left

rFire   . . .      SeeInvis .   i - +2 dagger (drain)
rCold   x . .      Faith    .   (no shield)
rNeg    . . .      Spirit   .   m - +1 robe of Makhleb's Inspiration {rC- Str+3 Stlth+}
rPois   .          Reflect  .   h - +0 helmet
rElec   .          Harm     .   (no cloak)
rCorr   .          Rampage  .   (no gloves)
Will    .....                   (no boots)
Stlth   +++.......              (no amulet)
HPRegen 0.21/turn               (no ring)
MPRegen 0.13/turn               (no ring)

@: no status effects
A: no striking features
a: Renounce Religion


You were on level 5 of the Dungeon.
You worshipped Beogh.
Beogh was noncommittal.
You visited 1 branch of the dungeon, and saw 6 of its levels.

You collected 243 gold pieces.

Inventory:

Hand Weapons
 b - a +0 dagger
 d - a +0 rapier
 i - a +2 dagger of draining (weapon)
Armour
 a - a +0 robe
 h - a +0 helmet (worn)
 m - the +1 robe of Makhleb's Inspiration (worn) {rC- Str+3 Stlth+}
   (You found it on level 3 of the Dungeon)

   Str:       It affects your strength (+3).
   rC:        It makes you vulnerable to cold.
   Stlth:     It makes you more stealthy.
 q - an orb of guile
Magical Staves
 e - a staff of death
Wands
 j - a wand of polymorph (15)
 o - a wand of iceblast (5)
 r - a wand of mindburst (6)
Scrolls
 n - 2 scrolls of teleportation
Potions
 c - a potion of heal wounds
 f - 2 potions of attraction
 g - a potion of haste
 k - a potion of might
 l - a potion of degeneration {unknown}
 p - a potion of curing


   Skills:
 + Level 5.3 Fighting
 - Level 1.5 Dodging
 - Level 1.5 Stealth
 + Level 3.8 Spellcasting
 - Level 1.0 Conjurations
 + Level 8.9 Fire Magic


You had 5 spell levels left.
You knew the following spells:

 Your Spells              Type           Power      Damage    Failure   Level
a - Foxfire               Conj/Fire      80%        2x1d8     1%          1
b - Scorch                Fire           66%        2d8       1%          2
c - Conjure Flame         Conj/Fire      20%        6-21      6%          3
d - Inner Flame           Hex/Fire       18%        N/A       8%          3

Your spell library contained the following spells:

 Spells                   Type           Power      Damage    Failure   Level
 Flame Wave               Conj/Fire      20%        2d7       21%         4
 Gell's Gravitas          Tloc           3%         N/A       43%         3
 Teleport Other           Tloc           3%         N/A       43%         3
 Dispersal                Tloc           1%         N/A       100%        6


Dungeon Overview and Level Annotations

Branches:
Dungeon (6/15)
 Temple: D:4-7

Altars:
Ashenzari
Cheibriados
Dithmenos
Fedhas
Gozag
Nemelex Xobeh
Qazlal
Trog
Uskayaw
Wu Jian
The Shining One


Message History

The black bear is severely wounded.
The foxfire hits the black bear.
The black bear is almost dead.
The black bear goes berserk!
The sky beast flickers out of sight!
Deactivating autopickup; reactivate with Ctrl-A.
Something hits you but does no damage.
Casting: Foxfire (safe; 1% risk of failure)
Confirm with . or Enter, or press ? or * to list all spells.
You conjure some foxfire!
The black bear completely misses you. The black bear barely misses you.
The black bear claws you. Something hits you. Something shocks you.
The black bear barely misses you. The black bear claws you.
The black bear claws you but does no damage.
The foxfire hits the black bear but does no damage.
The black bear is almost dead.
The foxfire hits the black bear.
The black bear is almost dead.
The black bear bites you! The black bear barely misses you. x2
Something hits you. Something shocks you.
Casting: Foxfire (safe; 1% risk of failure)
Confirm with . or Enter, or press ? or * to list all spells.
You conjure some foxfire!
The black bear bites you! The black bear barely misses you.
The black bear claws you.
* * * LOW HITPOINT WARNING * * *
Something hits you but does no damage. The black bear misses you.
The black bear claws you.
* * * LOW HITPOINT WARNING * * *
The black bear claws you but does no damage.
Your foxfire dissipates!
The foxfire hits the black bear but does no damage.
The black bear is almost dead.
Casting: Foxfire (safe; 1% risk of failure)
Confirm with . or Enter, or press ? or * to list all spells.
You conjure some foxfire!
The black bear bites you!
* * * LOW HITPOINT WARNING * * *
The black bear claws you.
* * * LOW HITPOINT WARNING * * *
The black bear claws you but does no damage.
The black bear bites you!
You die...

...# #.######.............#
...# #.######..#####.##...#
#..##
#.............#.##...#####
....#
########..###.#.##........
#.).####.## #..#
#.#.##.#.##### ..........#
#..###....#.#.# ###
.....###.## #..##.......#.#
#.. #....# #.#
#v.v........#.###.# #....#
#.# #ยง@##......#......#
#....###.##
#.h###.....#..###.#
#....##.#.#####..#####......#
#.)
.......###..........####.#.##
### ....###.#.#######.#.#
#.#.# # ########.## #.#.#
#.#.# # #.....# #.#.####.#.#
# ####.##### #.#)##.#.#.# #
.....# #>#.#....#.######


You could see a black bear (berserk, ally target).

Vanquished Creatures
  3 yaks
  2 ogres (D:5)
  2 kobold brigands
  A scorpion (D:4)
  2 hounds
  A centaur zombie (D:5)
  A bullfrog skeleton (D:5)
  2 jellies (D:6)
  An iguana (D:4)
  3 orc wizards
  A hound skeleton (D:4)
  A gnoll (D:2)
  9 adders
  A worm (D:3)
  5 orcs (D:5)
  3 ball pythons
  6 endoplasms
  2 giant cockroaches (D:1)
  5 goblins
  6 hobgoblins
  2 jackals (D:1)
  A quokka (D:2)
  7 bats
  6 frilled lizards
  13 kobolds
  6 rats
92 creatures vanquished.

Vanquished Creatures (others)
  404 foxfires
  2 fungi (D:3)
  2 plants
408 creatures vanquished.

Grand Total: 500 creatures vanquished

Notes
Turn   | Place    | Note
-------+----------+-------------------------------------------
     0 | D:1      | raph the Hill Orc Fire Elementalist began the quest for the
                  | Orb.
     0 | D:1      | Reached XP level 1. HP: 14/14 MP: 3/3
   291 | D:1      | Reached XP level 2. HP: 16/20 MP: 0/4
   364 | D:1      | Reached skill level 4 in Fire Magic
  1094 | D:2      | Reached XP level 3. HP: 25/26 MP: 0/5
  1097 | D:2      | Learned a level 2 spell: Scorch
  1202 | D:2      | Reached skill level 5 in Fire Magic
  1307 | D:2      | Reached XP level 4. HP: 33/33 MP: 0/6
  2165 | D:3      | Identified the +1 robe of Makhleb's Inspiration {rC- Str+3
                  | Stlth+}
  2330 | D:3      | Reached skill level 6 in Fire Magic
  2479 | D:3      | Found a stormy altar of Qazlal.
  2479 | D:3      | Found an ornate altar of the Wu Jian Council.
  2480 | D:3      | Found a sparkling altar of Nemelex Xobeh.
  2495 | D:3      | Found an opulent altar of Gozag.
  2520 | D:3      | Found a faded altar of an unknown god.
  2530 | D:3      | Reached XP level 5. HP: 27/38 MP: 0/7
  2632 | D:3      | Found a shadowy altar of Dithmenos.
  2650 | D:3      | Learned a level 3 spell: Conjure Flame
  3254 | D:4      | Reached skill level 7 in Fire Magic
  3254 | D:4      | Reached XP level 6. HP: 26/45 MP: 0/8
  3709 | D:3      | HP: 1/45 [poisoned by a kobold brigand]
  3962 | D:3      | Reached skill level 1 in Fighting
  4787 | D:4      | Reached XP level 7. HP: 54/55 MP: 3/10
  4791 | D:4      | Learned a level 3 spell: Inner Flame
  4845 | D:4      | Found a bloodstained altar of Trog.
  4847 | D:4      | Found a glowing golden altar of the Shining One.
  4850 | D:4      | Found a broken altar of Ashenzari.
  4850 | D:4      | Found a snail-covered altar of Cheibriados.
  4852 | D:4      | Found a hide-covered altar of Uskayaw.
  4853 | D:4      | Found a blossoming altar of Fedhas.
  5084 | D:4      | Became a worshipper of Beogh the Brigand
  5856 | D:5      | Entered Level 5 of the Dungeon
  6737 | D:5      | Reached skill level 8 in Fire Magic
  6912 | D:5      | Noticed a yak
  7085 | D:5      | Noticed a yak
  7086 | D:5      | Noticed a yak
  7096 | D:5      | Killed a yak
  7097 | D:5      | Reached XP level 8. HP: 65/66 MP: 0/12
  7097 | D:5      | Killed a yak
  7346 | D:4      | Killed a yak
  7347 | D:4      | Reached skill level 5 in Fighting
  8286 | D:6      | Noticed a gargoyle
  8306 | D:5      | Slain by a black bear

Illustrated notes

Levels and vault maps discovered:
D:1:      grunt_arrival_lava_bath, layout_loops_cross
D:2:      layout_loops_ring, minmay_misc_feat_tiny, serial_bayou_pond_b
D:3:      layout_rooms, nicolae_overflow_quartered_altars,
          nicolae_overflow_hidden_temple, dreamdust_ecumenical_altar_grove
D:4:      cheibrodos_thug_alley, layout_cave_pools, grunt_temple_overflow_open,
          serial_co_window_serial, co_window_corner_a, co_window_corner_a,
          co_window_paths_b, co_window_corner_a, co_window_paths_b,
          co_window_corner_a, co_window_paths_a, co_window_corner_b,
          co_window_paths_c, co_window_broadway_a, co_window_unsneaky_path_d,
          co_window_paths_e, co_window_4corner_a, glass_columns_a,
          glass_columns_c, glass_columns_b, glass_columns_a, glass_columns_b
D:5:      layout_loops_ring
D:6:      layout_rooms, kennysheep_little_box, kb_rosetta, uniq_pikel

Skill      XL: |  1  2  3  4  5  6  7  8 |
---------------+-------------------------+-----
Fire Magic     | 4 5 6 7 8 |  8.9
Fighting       | 2 4 5 |  5.3
Spellcasting   | 2 3 |  3.8
Dodging        | |  1.5
Stealth        | |  1.5
Conjurations   | |  1.0

Action                   |  1- 3 |  4- 6 |  7- 9 || total
-------------------------+-------+-------+-------++-------
Melee: Dagger            |    22 |    16 |     5 ||    43
       Punch             |     1 |       |       ||     1
       Rapier            |       |    17 |       ||    17
 Cast: Foxfire           |    38 |   113 |    96 ||   247
       Conjure Flame     |       |       |     4 ||     4
       Scorch            |       |       |     3 ||     3
Invok: Convert to Beogh  |       |       |     1 ||     1
  Use: Scroll            |     1 |     4 |     4 ||     9
       Potion            |       |     2 |       ||     2
 Stab: Sleeping          |     3 |     2 |     1 ||     6
Armor: Robe              |     6 |    16 |    14 ||    36
Dodge: Dodged            |    34 |    49 |    40 ||   123
